 Dungeon Crawl Stone Soup version 0.28-a0-895-g6e5f11bd55 (webtiles) character file.

Game seed: 15936438678614337209

469 vineage the Fighter (level 7, -3/55 HPs)
             Began as a Gargoyle Fighter on Nov 22, 2021.
             Slain by Edmund (5 damage)
             ... on level 4 of the Dungeon.
             The game lasted 00:06:24 (4035 turns).

vineage the Fighter (Gargoyle Fighter)              Turns: 4035, Time: 00:06:24

Health: -3/55      AC: 11    Str: 18 (20) XL:     7   Next: 9%
Magic:  0/7        EV:  9    Int:  5 (8)  God:
Gold:   108        SH:  4    Dex:  8 (11) Spells: 6/6 levels left

rFire   + . .      SeeInvis .   a - +0 flail
rCold   + . .      Faith    .   c - +0 buckler
rNeg    + . .      Spirit   +   b - +0 scale mail
rPois   ∞          Reflect  .   (helmet restricted)
rElec   +          Harm     .   (no cloak)
rCorr   +          Rampage  .   (no gloves)
Will    .....      Rnd*Tele +   (no boots)
Stlth   ..........              j - amulet of guardian spirit
HPRegen 0.18/turn               (no ring)
MPRegen 0.10/turn               (no ring)

@: brilliant, resistant, flying
A: sickness immunity, AC +4, negative energy resistance 1, electricity
resistance, torment resistance 1, petrification resistance, antennae 1, robust
1, teleportitis 1, evolution 1
a: no special abilities


You were on level 4 of the Dungeon.
You visited 1 branch of the dungeon, and saw 5 of its levels.

You collected 108 gold pieces.

Inventory:

Hand Weapons
 a - a +0 flail (weapon)
Armour
 b - a +0 scale mail (worn)
 c - a +0 buckler (worn)
Jewellery
 h - a +4 ring of evasion
 j - an amulet of guardian spirit (around neck)
Scrolls
 g - a scroll of holy word
Potions
 d - a potion of flight


   Skills:
 + Level 8.6 Fighting
 - Level 2.0 Maces & Flails
 - Level 3.2 Armour
 - Level 3.2 Shields


You had 6 spell levels left.
You didn't know any spells.
Your spell library contained the following spells:

 Spells                   Type           Power      Damage    Failure   Level
 Magic Dart               Conj           0%         1d3       88%         1
 Searing Ray              Conj           0%         2d4       95%         2
 Call Canine Familiar     Summ           0%         N/A       99%         3
 Portal Projectile        Hex/Tloc       0%         N/A       99%         3
 Fulminant Prism          Conj/Hex       0%         3d6       100%        4
 Leda's Liquefaction      Hex/Erth       0%         N/A       100%        4
 Summon Forest            Summ/Tloc      0%         N/A       100%        5
 Summon Mana Viper        Hex/Summ       0%         N/A       100%        5
 Summon Cactus Giant      Summ           0%         N/A       100%        6


Dungeon Overview and Level Annotations

Branches:
Dungeon (5/15)
 Temple: D:4-7

Altars:
Dithmenos
Kikubaaqudgha
Uskayaw
Yredelemnul

Annotations:
D:4 Edmund
D:5 Prince Ribbit


Innate Abilities, Weirdness & Mutations

You are immune to sickness and miasma.
Your stone body is resilient. (AC +4)
You are immune to poison.
You resist negative energy. (rN+)
You are resistant to electric shocks. (rElec)
You are resistant to unholy torment.
You are immune to petrification.
You have a pair of small antennae on your head.
You are robust. (+10% HP)
You are occasionally teleported next to monsters.
You have hidden genetic potential.


Message History

Edmund is moderately wounded.
Edmund hits you but does no damage.
You hit Edmund.
Edmund is moderately wounded.
Edmund hits you with a +1 flail of protection!
* * * LOW HITPOINT WARNING * * *
You hit Edmund.
Edmund is heavily wounded.
Edmund hits you with a +1 flail of protection.
* * * LOW HITPOINT WARNING * * *
Edmund hits you with a +1 flail of protection.
* * * LOW HITPOINT WARNING * * *
It was a potion of degeneration.
There was something very wrong with that liquid.
You feel weakened.
You feel dopey.
You feel clumsy. Edmund closely misses you.
It was a potion of mutation.
You feel extremely strange.
You feel weirdly uncertain.
You feel a hidden potential growing inside you.
You feel robust. A pair of antennae grows on your head!
Edmund hits you but does no damage.
Okay, then.
Okay, then.
It was a potion of brilliance.
You feel clever all of a sudden. Edmund barely misses you.
You can't see any enemies this would affect, really read the scroll of holy word?
Okay, then.
You hit Edmund but do no damage.
Edmund is heavily wounded.
Edmund hits you with a +1 flail of protection.
* * * LOW HITPOINT WARNING * * *
You barely miss Edmund.
Edmund is heavily wounded.
Edmund hits you with a +1 flail of protection.
* * * LOW HITPOINT WARNING * * *
You sock Edmund!
Edmund is severely wounded.
Edmund hits you with a +1 flail of protection.
You die...

.. ...# #....# ####
#...# .... ##....#
##..## ##..#
....####.....## ##....#
##.##
.........###..###..#..##
#... #########
##..##.###..####...
#{###.# ##..##.... #o#
#.# ###..###. #@# #.#
#### ## #@# #.# ##
#.###.# #. ##....## ##
####..# ####


You could see Edmund and an orc.

Vanquished Creatures
  2 ogres
  A kobold brigand (D:4)
  2 vampire bats (D:4)
  A jelly (D:4)
  4 adders
  3 worms
  4 dart slugs
  9 orcs
  3 bat skeletons (D:4)
  2 bat zombies (D:4)
  7 endoplasms
  3 giant cockroaches
  8 goblins
  4 hobgoblins
  6 kobolds
  9 ball pythons
  7 bats
  3 frilled lizards
  5 rats
83 creatures vanquished.

Vanquished Creatures (collateral kills)
  A rat (D:2)
1 creature vanquished.

Grand Total: 84 creatures vanquished

Notes
Turn   | Place    | Note
-------+----------+-------------------------------------------
     0 | D:1      | vineage the Gargoyle Fighter began the quest for the Orb.
     0 | D:1      | Reached XP level 1. HP: 14/14 MP: 1/1
    46 | D:1      | Found a faded altar of an unknown god.
    71 | D:1      | Reached XP level 2. HP: 18/20 MP: 2/2
   206 | D:1      | Reached skill level 4 in Fighting
   869 | D:1      | Reached XP level 3. HP: 24/24 MP: 3/3
  1522 | D:2      | Reached skill level 5 in Fighting
  1774 | D:3      | Noticed an ogre
  1784 | D:3      | Killed an ogre
  1785 | D:3      | Reached skill level 6 in Fighting
  1785 | D:3      | Reached XP level 4. HP: 17/32 MP: 1/4
  1785 | D:3      | Reached XP level 5. HP: 19/36 MP: 1/5
  2169 | D:3      | Found a shadowy altar of Dithmenos.
  2234 | D:3      | Found a hide-covered altar of Uskayaw.
  2737 | D:4      | Noticed a kobold brigand
  2762 | D:4      | Killed a kobold brigand
  2763 | D:4      | Reached skill level 7 in Fighting
  2763 | D:4      | Reached XP level 6. HP: 17/44 MP: 1/6
  3024 | D:4      | HP: 1/44 [frozen (5)]
  3584 | D:4      | Reached skill level 8 in Fighting
  3588 | D:4      | Found an ancient bone altar of Kikubaaqudgha.
  3630 | D:4      | Reached XP level 7. HP: 50/50 MP: 7/7
  3688 | D:4      | Found a basalt altar of Yredelemnul.
  3891 | D:4      | Noticed Edmund
  3931 | D:5      | Entered Level 5 of the Dungeon
  3931 | D:5      | Noticed Prince Ribbit
  4031 | D:4      | Gained mutation: You are occasionally teleported next to
                  | monsters. [potion of mutation]
  4031 | D:4      | Gained mutation: You have hidden genetic potential. [potion
                  | of mutation]
  4031 | D:4      | Gained mutation: You are robust. (+10% HP) [potion of
                  | mutation]
  4031 | D:4      | Gained mutation: You have a pair of small antennae on your
                  | head. [potion of mutation]
  4033 | D:4      | HP: 2/55 [Edmund (2)]
  4035 | D:4      | Slain by Edmund

Illustrated notes

Levels and vault maps discovered:
D:1:      psy_arrival_whirlpool, layout_basic, basic_ecumenical_altar,
          dk_noncrumbling_3, minivault_27
D:2:      layout_basic, item_on_display_a
D:3:      layout_rooms, mainiacjoe_overflow_24_doors, mainiacjoe_overflow_paths
D:4:      layout_layer_cave, kennysheep_vampire_church,
          yredelemnul_altar_generic, uniq_edmund, uniq_blork_the_orc
D:5:      layout_loops_ring, ashenzari_conservatory_becter,
          kennysheep_opposing_triangles, uniq_prince_ribbit1

Skill      XL: |  1  2  3  4  5  6 |
---------------+-------------------+-----
Fighting       | 4 6 7 8 |  8.6
Maces & Flails | |  2.0
Armour         | |  3.2
Shields        | |  3.2

Action                   |  1- 3 |  4- 6 |  7- 9 || total
-------------------------+-------+-------+-------++-------
Melee: Flail             |   115 |   122 |    61 ||   298
  Use: Scroll            |     4 |       |     1 ||     5
       Potion            |     1 |     1 |     6 ||     8
Armor: Scale mail        |    72 |    91 |    57 ||   220
Dodge: Dodged            |    64 |    87 |    30 ||   181
Block: Buckler           |    37 |    41 |    15 ||    93

Table legend: (Time is in decaauts)
 A = Elapsed time spent in this place.
 B = Non-inter-level travel time spent in this place.
 C = Inter-level travel time spent in this place.
 D = Time resting spent in this place.
 E = Time spent auto-exploring this place.
 F = Levels seen in this place.
 G = Mean time per level.
                   A        B        C        D        E       F      G
               +--------+--------+--------+--------+--------+-----+--------+
         Total |   4129 |   4079 |     50 |   1148 |   2163 |   5 |  825.8 |
       Dungeon |   4129 |   4079 |     50 |   1148 |   2163 |   5 |  825.8 |
               +--------+--------+--------+--------+--------+-----+--------+

Top non-repeatable levels by time:
     D:4: 1353 daAuts
     D:1: 1137 daAuts
     D:3: 1013 daAuts
     D:2: 623 daAuts
     D:5: 1 daAuts
